 Dungeon Crawl Stone Soup version 0.18-a0-731-ga019a5f (webtiles) character file.

653 esc the Insei (level 7, -1/46 HPs)
             Began as an Octopode Transmuter on Dec 9, 2015.
             Shot with an arrow by a centaur (7 damage)
             ... on level 5 of the Dungeon.
             The game lasted 00:14:07 (4507 turns).

esc the Insei (Octopode Transmuter)                 Turns: 4507, Time: 00:14:07

Health: -1/46      AC:  2    Str:  9    XL:     7   Next: 54%
Magic:  6/12       EV: 22    Int: 18    God:
Gold:   340        SH:  0    Dex: 17    Spells: 2 memorised, 9 levels left

rFire  . . .     SeeInvis .       - Unarmed
rCold  . . .     Clarity  +     (shield currently unavailable)
rNeg   . . .     SustAt   .     (helmet currently unavailable)
rPois  x         Gourm    .     m - amulet of clarity {Clar, !d}
rElec  .         Spirit   .     (no ring)
rCorr  .         Dismiss  .     (no ring)
rMut   .         Stasis   .     (no ring)
MR     .....                    (no ring)
Stlth  ++........               (no ring)
                                (no ring)
                                (no ring)
                                (no ring)

@: spider-form (expiring), very slightly contaminated, not resistant to hostile
enchantments, unstealthy
A: almost no armour, amphibious, 8 rings, (constrict 8), (camouflage 0),
(gelatinous body 0)
a: End Transformation


You were on level 5 of the Dungeon.
You were not hungry.
You were a venomous arachnid creature.
You visited 1 branch of the dungeon, and saw 5 of its levels.

You collected 340 gold pieces.

Inventory:

Hand Weapons
 o - the +6 long sword of Wyrd {flame, rF+}
   (You found it on level 4 of the Dungeon)

   It has been specially enchanted to burn those struck by it, causing extra
   injury to most foes and up to half again as much damage against particularly
   susceptible opponents.
   Big, fiery blades are also staple armaments of hydra-hunters.
   It protects you from fire.
Missiles
 a - 48 arrows
 l - 2 tomahawks (quivered)
 p - 10 poisoned needles
 t - 16 poisoned arrows
Armour
 e - a +1 shield
   (You found it on level 1 of the Dungeon)
Jewellery
 m - an amulet of clarity (around neck) {Clar, !d}
   (You found it on level 4 of the Dungeon)
Scrolls
 g - a scroll of enchant weapon
 n - 2 scrolls of teleportation
 r - a scroll of identify
Potions
 d - a potion of resistance
 f - a potion of invisibility
 i - a potion of haste {unknown}
 j - a potion of magic {unknown}
 k - 2 potions of curing {unknown}
 q - a potion of cancellation {unknown}
Books
 b - a book of Changes
Comestibles
 c - 2 bread rations {@e1}
 h - a meat ration {@e2}
 s - 4 chunks of flesh {@w0}


   Skills:
 + Level 3.2 Fighting
 + Level 4.1 Dodging
 + Level 4.7 Unarmed Combat
 + Level 3.9 Spellcasting
 + Level 3.7 Transmutations


You had 9 spell levels left.
You knew the following spells:

 Your Spells              Type           Power        Failure   Level  Hunger
a - Beastly Appendage     Trmt           ###...       12%         1    None
c - Spider Form           Trmt/Pois      ##........   45%         3    ###....


Dungeon Overview and Level Annotations

Branches:
Dungeon (5/15)
 Temple: D:4-7

Altars:
Elyvilon
Qazlal
Ru
Vehumet
Xom

Annotations:
D:4 exclusion: Duvessa, Duvessa; WhatIsLove's ghost, novice FoFi


Innate Abilities, Weirdness & Mutations

You cannot wear most types of armour.
You are amphibious.
You can wear up to eight rings at the same time.
((You can use your tentacles to constrict eight enemies at once.))
((Your skin changes colour to match your surroundings (Stealth).))
((Your rubbery body absorbs attacks (AC +1).))


Message History

You grab the worker ant zombie. You constrict the worker ant zombie.
The worker ant zombie closely misses you.
You tentacle-slap the worker ant zombie.
You constrict the worker ant zombie.
The worker ant zombie barely misses you.
You barely miss the worker ant zombie. You constrict the worker ant zombie.
The worker ant zombie closely misses you.
You tentacle-slap the worker ant zombie but do no damage.
You constrict the worker ant zombie. The worker ant zombie bites you.
You take 3 damage, and have 43/46 hp.
You tentacle-slap the worker ant zombie.
You constrict the worker ant zombie. The worker ant zombie bites you.
You take 5 damage, and have 38/46 hp.
You tentacle-slap the worker ant zombie.
You destroy the worker ant zombie!
No target in view!
No target in view!
A worm and a crimson imp come into view.
You regained 2 hp, and now have 40/46 hp.
You turn into a venomous arachnid creature.
You are feeling hungry.
You now have 9/12 mp.
You hit the crimson imp but do no damage.
The crimson imp is poisoned.
The crimson imp hits you.
You take 2 damage, and have 38/46 hp.
You closely miss the crimson imp. The crimson imp closely misses you.
You hit the crimson imp but do no damage.
The crimson imp blinks!
The crimson imp blinks!
You hit the worm.
Some of the chunks of flesh in your inventory have rotted away.
You hit the worm but do no damage.
The worm is poisoned.
The worm completely misses you.
You hit the worm.
The worm looks even sicker.
You bite the worm!
You kill the worm!
You hit the crimson imp.
The crimson imp looks even sicker.
Your transformation is almost over.
You hit the crimson imp. The crimson imp hits you.
You take 4 damage, and have 35/46 hp.
You barely miss the crimson imp. The crimson imp misses you.
You bite the crimson imp!
You kill the crimson imp!
You see here a worm corpse.
You butcher the worm corpse.
s - 5 chunks of flesh {@w0} (gained 3) Eating one of 5 chunks of flesh {@w0}.
You continue eating.
Your transformation has ended.
You continue eating.
Unknown command.
You now have 340 gold pieces (gained 10).
A hound comes into view.
Found a stone staircase leading down.
There is an open door here.
You regained 2 hp, and now have 38/46 hp.
MP restored: 12 The hound barks!
You hear a shout!
The hound closely misses you. The hound bites you.
You take 4 damage, and have 34/46 hp.
You closely miss the hound. You grab the hound. You tentacle-slap the hound.
You constrict the hound. The hound closely misses you.
A centaur comes into view.
You tentacle-slap the hound. You squeeze the hound.
You constrict the hound, but do no damage.
The hound closely misses you.
The centaur wields a shortbow.
The centaur shoots an arrow.
The arrow hits you!
You take 12 damage, and have 22/46 hp.
MASSIVE DAMAGE!!
You release your grip on the hound.
The centaur shoots an arrow.
The arrow misses you. The hound closely misses you.
There is an open door here.
You see here an arrow.
The hound barely misses you.
There is an open door here.
You barely miss the hound. Your grab misses the hound.
Your tentacle-slap misses the hound.
The hound bites you.
You take 1 damage, and have 22/46 hp.
You barely miss the hound. Your grab misses the hound. The hound bites you.
You take 6 damage, and have 16/46 hp.
You miscast Spider Form.
You are very lightly contaminated with residual magic.
Nothing appears to happen.
The hound misses you. The hound misses you.
You now have 9/12 mp.
You turn into a venomous arachnid creature.
Your transformation is almost over.
The hound bites you.
* * * LOW HITPOINT WARNING * * *
The centaur shoots an arrow.
The arrow hits you.
* * * LOW HITPOINT WARNING * * *
You take 11 damage, and have 5/46 hp.
MASSIVE DAMAGE!!
You now have 6/12 mp.
Read which item? (? for menu, Esc to quit)
Okay, then.
Drink which item? (? for menu, Esc to quit)
Okay, then.
You barely miss the hound. The hound misses you.
The centaur shoots an arrow.
The arrow hits you!
You die...

......+ ..#.>...#
##....# .#.....# ##....#
'.....# ##....# #.....#
##....## #.....#######
.......# #.(..........
......########(##.......
##....##...##.ch#.....%.
.#..............s.......
.#######........#.......
.......#........########
.......#............
.......#............
.......#.............
.>.....#.............
....%..#...###..#####
#......#...# ..#


You could see a centaur and a hound.

Vanquished Creatures
  A sky beast (D:5)
  A scorpion (D:5)
  A crimson imp (D:5)
  3 giant frog skeletons
  An orc priest (D:3)
  An orc wizard (D:3)
  Terence (D:3)
  4 worker ants (D:4)
  A hound skeleton (D:4)
  5 adders
  A worker ant zombie (D:5)
  3 oozes
  6 worms
  2 giant geckos
  17 orcs
  9 bats
  6 giant cockroaches
  7 goblins
  7 hobgoblins
  5 quokkas
  2 giant newts
  5 jackals
  10 kobolds
  7 rats
106 creatures vanquished.

Notes
Turn   | Place    | Note
--------------------------------------------------------------
     0 | D:1      | esc the Octopode Transmuter began the quest for the Orb.
     0 | D:1      | Reached XP level 1. HP: 13/13 MP: 3/3
   125 | D:1      | Reached XP level 2. HP: 9/18 MP: 3/5
   483 | D:1      | Reached XP level 3. HP: 20/23 MP: 4/6
   756 | D:2      | HP: 5/23 [worm (12)]
   764 | D:2      | HP: 3/23 [worm (2)]
  1368 | D:2      | Reached XP level 4. HP: 12/28 MP: 5/7
  1862 | D:2      | Found a white marble altar of Elyvilon.
  2180 | D:3      | Learned a level 3 spell: Spider Form
  2188 | D:3      | Reached skill level 3 in Dodging
  2229 | D:3      | Found a sacrificial altar of Ru.
  2229 | D:3      | Noticed Terence
  2241 | D:3      | Killed Terence
  2241 | D:3      | Reached XP level 5. HP: 30/34 MP: 4/8
  2369 | D:3      | Reached skill level 2 in Fighting
  2620 | D:3      | Reached skill level 4 in Unarmed Combat
  2685 | D:3      | Found a radiant altar of Vehumet.
  2954 | D:3      | Reached XP level 6. HP: 41/41 MP: 6/10
  2962 | D:3      | Reached skill level 3 in Transmutations
  3028 | D:3      | Reached skill level 3 in Spellcasting
  3124 | D:3      | Found a shimmering altar of Xom.
  3125 | D:3      | Found a shimmering altar of Xom.
  3125 | D:3      | Found a shimmering altar of Xom.
  3129 | D:3      | Found a shimmering altar of Xom.
  3137 | D:3      | Found a shimmering altar of Xom.
  3138 | D:3      | Found a shimmering altar of Xom.
  3139 | D:3      | Found a shimmering altar of Xom.
  3517 | D:4      | Got a crude long sword
  3531 | D:4      | Identified the +6 long sword of Wyrd {flame, rF+} (You found it on level 4 of the Dungeon)
  3836 | D:4      | Noticed WhatIsLove's ghost (novice FoFi)
  3925 | D:4      | Noticed Duvessa
  3933 | D:5      | Entered Level 5 of the Dungeon
  3978 | D:5      | Reached XP level 7. HP: 36/45 MP: 8/12
  3993 | D:5      | Reached skill level 3 in Fighting
  3993 | D:5      | Reached skill level 4 in Dodging
  4000 | D:5      | Gained mutation: Scrolls take you a little longer to read. [mutagenic meat]
  4001 | D:5      | Gained mutation: You are partially covered in slimy green scales (AC +2). [mutagenic meat]
  4002 | D:5      | Lost mutation: You are partially covered in slimy green scales (AC +2). [mutagenic meat]
  4003 | D:5      | Lost mutation: Scrolls take you a little longer to read. [mutagenic meat]
  4302 | D:5      | Found a stormy altar of Qazlal.
  4303 | D:5      | Noticed a water elemental
  4310 | D:5      | Noticed a fire elemental
  4310 | D:5      | Noticed an air elemental
  4506 | D:5      | HP: 11/46 [hound (5)]
  4506 | D:5      | HP: 5/46 [centaur/arrow (6)]
  4507 | D:5      | Shot with an arrow by a centaur

Vault maps used:
D:1:      lightli_arrival_quake, minmay_ruptured
D:2:      old_standard_altar
D:3:      hangedman_ru_absence, xom_redecorated, vehumet_crystals,
          serial_aquarium, aquarium_bridge_long_joined,
          aquarium_window_corridor_3, aquarium_window_double, aquarium_window_2,
          aquarium_view_2c, aquarium_view_2d, aquarium_pool_2, hex_large,
          uniq_terence
D:4:      kennysheep_spiral_hall, nicolae_overflow_crystal_walls, first_bread,
          uniq_duvessa
D:5:      lemuel_zombie_altar_yredelemnul, nicolae_qazlal_style_of_elements

Action                   |  1- 3 |  4- 6 |  7- 9 || total
-------------------------+-------+-------+-------++-------
Melee: Unarmed           |    95 |   185 |    57 ||   337
 Cast: Beastly Appendage |    14 |     6 |     2 ||    22
       Spider Form       |       |    17 |     3 ||    20
  Use: Scroll            |     4 |     5 |     1 ||    10
 Stab: Sleeping          |     3 |     2 |     1 ||     6
  Eat: Chunk             |     2 |     9 |     6 ||    17
       Beef jerky        |       |     1 |       ||     1

Vault maps used:
D:1:      lightli_arrival_quake, minmay_ruptured
D:2:      old_standard_altar
D:3:      hangedman_ru_absence, xom_redecorated, vehumet_crystals,
          serial_aquarium, aquarium_bridge_long_joined,
          aquarium_window_corridor_3, aquarium_window_double, aquarium_window_2,
          aquarium_view_2c, aquarium_view_2d, aquarium_pool_2, hex_large,
          uniq_terence
D:4:      kennysheep_spiral_hall, nicolae_overflow_crystal_walls, first_bread,
          uniq_duvessa
D:5:      lemuel_zombie_altar_yredelemnul, nicolae_qazlal_style_of_elements

Table legend:
 A = Turns spent in this place as a percentage of turns spent in the entire game.
 B = Non-inter-level travel turns spent in this place as a percentage of non-inter-level travel turns spent in the entire game.
 C = Inter-level travel turns spent in this place as a percentage of turns spent in this place.
 D = Turns resting spent in this place as a percentage of non-inter-level travel turns spent in this place.
 E = Turns spent auto-exploring this place as a percentage of non-inter-level travel turns spent in this place.
 F = Non-inter-level travel turns spent in this place divided by the number of levels of this place that you've seen.
                   A       B       C       D       E      F
               +-------+-------+-------+-------+-------+----------------------
         Total | 100.0 | 100.0 |   0.2 |   3.4 |   7.0 | 257.4
       Dungeon | 100.0 | 100.0 |   0.2 |   3.4 |   7.0 | 257.4
               +-------+-------+-------+-------+-------+----------------------

Table legend:
 A = Kills in this place as a percentage of kills in entire the game.
 B = Kills by you in this place as a percentage of kills by you in the entire game.
 C = Kills by friends in this place as a percentage of kills by friends in the entire game.
 D = Other kills in this place as a percentage of other kills in the entire game.
 E = Experience gained in this place as a percentage of experience gained in the entire game.
 F = Experience gained in this place divided by the number of levels of this place that you have seen.
                   A       B       C       D       E      F
               +-------+-------+-------+-------+-------+----------------------
         Total | 100.0 | 100.0 |  -nan |  -nan | 100.0 | 186.6
       Dungeon | 100.0 | 100.0 |  -nan |  -nan | 100.0 | 186.6
               +-------+-------+-------+-------+-------+----------------------
